 Dungeon Crawl Stone Soup version 0.20-a0-11-ga97c7b5 (webtiles) character file.

287 poirepourri the Magician (level 6, -10/32 HPs)
             Began as a Gargoyle Fire Elementalist on Nov 2, 2016.
             Killed by divine providence
             ... invoked by an orc priest
              (14 damage)
             ... on level 3 of the Dungeon.
             The game lasted 00:08:51 (7098 turns).

poirepourri the Magician (GrFE)                     Turns: 7098, Time: 00:08:52

Health: -10/32     AC:  8    Str: 12    XL:     6   Next: 30%
Magic:  2/12       EV: 10    Int: 17    God:
Gold:   232        SH:  0    Dex: 10    Spells: 4 memorised, 4 levels left

rFire  . . .     SeeInvis .     g - +3 dagger (speed)
rCold  . . .     Gourm    .     p - -2 ring mail (curse)
rNeg   + . .     Faith    .     (no shield)
rPois  ∞         Spirit   .     (no helmet)
rElec  +         Reflect  .     l - +0 cloak
rCorr  .         Harm     .     (no gloves)
MR     .....                    (no boots)
Stlth  +.........               (no amulet)
                                (no ring)
                                j - ring of flight

@: very slightly contaminated, hasted, very quick
A: negative energy resistance 1, electricity resistance, unbreathing,
petrification resistance, rot immunity, AC +4
a: Evoke Flight


You were on level 3 of the Dungeon.
You were not hungry.

You visited 1 branch of the dungeon, and saw 4 of its levels.

You collected 232 gold pieces.

Inventory:

Hand Weapons
 g - a +3 dagger of speed (weapon)
Armour
 a - a +1 robe
 l - a +0 cloak (worn)
 p - a cursed -2 ring mail (worn)
Jewellery
 j - a ring of flight (left hand)
Potions
 c - 2 potions of curing {unknown}
 e - 3 potions of might
 i - 3 potions of cure mutation
 k - 3 potions of brilliance
Books
 b - a book of Flames

   Spells                             Type                      Level
   a - Flame Tongue                   Conjuration/Fire             1
   b - Throw Flame                    Conjuration/Fire             2
   c - Conjure Flame                  Conjuration/Fire             3
   d - Inner Flame                    Hexes/Fire                   3
   e - Sticky Flame                   Conjuration/Fire             4
   f - Fireball                       Conjuration/Fire             5
Comestibles
 m - a bread ration


   Skills:
 - Level 1.0 Short Blades
 - Level 2.0 Dodging
 - Level 2.1 Stealth
 - Level 0.2 Unarmed Combat
 * Level 4.3 Spellcasting
 + Level 2.5 Conjurations
 + Level 4.2 Fire Magic


You had 4 spell levels left.
You knew the following spells:

 Your Spells              Type           Power        Failure   Level  Hunger
a - Flame Tongue          Conj/Fire      ###..        10%         1    None
b - Throw Flame           Conj/Fire      ###...       14%         2    ##.....
c - Conjure Flame         Conj/Fire      ###.....     24%         3    ###....
d - Inner Flame           Hex/Fire       ##......     47%         3    ###....


Dungeon Overview and Level Annotations

Branches:
Dungeon (4/15)
 Temple: D:4-7

Altars:
Trog


Innate Abilities, Weirdness & Mutations

You are resistant to torment.
Your stone body is resilient. (AC +4)
You are immune to poison.
You resist negative energy. (rN+)
You are resistant to electric shocks. (rElec)
You can survive without breathing.
You are immune to petrification.
You are immune to rotting.


Message History

The adder closely misses you.
The orc priest mumbles some strange prayers to Beogh against you.
Beogh smites you!
* * * LOW HITPOINT WARNING * * *
The adder bites you.
* * * LOW HITPOINT WARNING * * *
Casting: Flame Tongue
Confirm with . or Enter, or press ? or * to list all spells.
Aiming: Flame Tongue
Press: ? - help, Shift-Dir - straight line, p - orc priest Out of range.
Out of range.
Out of range.
Okay, then.
You have no mutations to cure!
It was a potion of haste.
You feel yourself speed up. The adder bites you but does no damage.
The orc priest calls down the wrath of Beogh upon you.
Beogh smites you!
You die...

.# #.##÷# ##.[......#..###
.# #.##.# #.#####.##..# .#
#.##.# #....>......# .#
##.##.######...o†....##
.####.................####
.#.....##.######o######
.#.###.##.# #o#
...###.##(## #S#
...........# #@#
.####..###.## #[# .#
#.......# #.#
.####.####..# #.# ...<).#
#..####.# .######
#.<.....# ## ##(######
###########.#
............#


You could see an orc priest, an adder and an orc.

Vanquished Creatures
  An orc priest (D:3)
  8 adders
  4 gnolls
  3 oozes
  8 worms
  11 orcs
  A ball python (D:2)
  13 bats
  6 giant cockroaches
  9 hobgoblins
  4 jackals
  14 kobolds
  A quokka (D:2)
  3 frilled lizards
  9 goblins
  9 rats
104 creatures vanquished.

Notes
Turn   | Place    | Note
-------+----------+-------------------------------------------
     0 | D:1      | poirepourri the Gargoyle Fire Elementalist began the quest for the Orb.
     0 | D:1      | Reached XP level 1. HP: 10/10 MP: 3/3
   563 | D:1      | Reached XP level 2. HP: 15/15 MP: 1/5
   567 | D:1      | Learned a level 2 spell: Throw Flame
  1234 | D:1      | Reached XP level 3. HP: 19/19 MP: 4/6
  1624 | D:1      | Learned a level 3 spell: Conjure Flame
  3157 | D:2      | Reached XP level 4. HP: 24/24 MP: 2/7
  4546 | D:2      | Reached XP level 5. HP: 17/28 MP: 4/9
  4935 | D:3      | Noticed a moth of wrath
  4939 | D:3      | Found a bloodstained altar of Trog.
  4956 | D:3      | Learned a level 3 spell: Inner Flame
  5423 | D:3      | Reached skill level 1 in Short Blades
  6112 | D:3      | Reached XP level 6. HP: 17/32 MP: 2/12
  7098 | D:3      | Killed from afar by an orc priest

Vault maps used:
D:1:      dpeg_arrival_shrine
D:2:      minivault_4
D:3:      tgw_trog, first_bread
D:4:      uniq_robin

Skill      XL: |  1  2  3  4  5 |
---------------+----------------+-----
Conjurations   | 2 |  2.5
Spellcasting   | 3 4 |  4.3
Fire Magic     | 4 |  4.2
Short Blades   | 1 |  1.0
Dodging        | 2 |  2.0
Stealth        | |  2.1
Unarmed Combat | |  0.2

Action                   |  1- 3 |  4- 6 || total
-------------------------+-------+-------++-------
Melee: Unarmed           |    19 |       ||    19
       Dagger            |    15 |    60 ||    75
 Cast: Flame Tongue      |    49 |   102 ||   151
       Throw Flame       |    17 |    50 ||    67
  Use: Scroll            |     9 |     6 ||    15
       Potion            |       |     5 ||     5
 Stab: Sleeping          |       |     1 ||     1
  Eat: Bread ration      |     2 |     2 ||     4
       Beef jerky        |       |     1 ||     1
       Meat ration       |       |     1 ||     1
Armor: Robe              |    27 |    14 ||    41
       Skin              |       |    12 ||    12
       Ring mail         |       |    41 ||    41
Dodge: Dodged            |    36 |    93 ||   129
